 Dungeon Crawl Stone Soup version 0.25.0-9-g26727b657a (webtiles) character file.

Game seed: 7684293195342868373

2481 shadizar the Sneak (level 9, -4/62 HPs)
             Began as an Octopode Transmuter on June 21, 2020.
             Was a Believer of Okawaru.
             Slain by a komodo dragon (27 damage)
             ... on level 6 of the Dungeon.
             The game lasted 00:22:21 (8950 turns).

shadizar the Sneak (Octopode Transmuter)            Turns: 8950, Time: 00:22:21

Health: -4/62      AC:  1    Str: 13    XL:     9   Next: 51%
Magic:  12/12      EV: 12    Int: 15    God:    Okawaru [**....]
Gold:   385        SH: 14    Dex: 18    Spells: 11/12 levels left

rFire    . . .     SeeInvis .   g - +2 short sword (speed)
rCold    . . .     Gourm    .   i - +1 tower shield
rNeg     . . .     Faith    .   (helmet restricted)
rPois    .         Spirit   .   (no amulet)
rElec    .         Reflect  .   m - +6 ring of dexterity
rCorr    +         Harm     .   n - ring of resist corrosion
MR       .....                  (no ring)
Stlth    +++++.....             (no ring)
HPRegen  0.20/turn              (no ring)
MPRegen  0.13/turn              (no ring)
                                (no ring)
                                (no ring)

@: no status effects
A: almost no armour, stealthy swim, amphibious, 8 rings, constrict 8, camouflage
1, gelatinous body 1
a: Heroism, Renounce Religion


You were on level 6 of the Dungeon.
You worshipped Okawaru.
Okawaru was pleased with you.
You were not hungry.

You visited 2 branches of the dungeon, and saw 8 of its levels.
You also visited: Sewer.

You collected 385 gold pieces.

Inventory:

Hand Weapons
 f - a +2 great sword
 g - a +2 short sword of speed (weapon)
 h - the +1 whip "Newtbane" {elec, rN+ MR- Dex+3}
   (You found it on level 6 of the Dungeon)

   Occasionally, upon striking a foe, it will discharge some electrical energy
   and cause terrible harm.
   It affects your dexterity (+3).
   It protects you from negative energy.
   It affects your resistance to hostile enchantments.
 k - a +0 mace
 y - a +3 vorpal dire flail
 A - a +1 vorpal flail
Missiles
 a - 71 arrows
Armour
 i - a +1 tower shield (worn)
Magical Staves
 w - an uncursed staff of summoning {unknown}
Jewellery
 m - a +6 ring of dexterity (left tentacle)
 n - a ring of resist corrosion (right tentacle)
 C - an uncursed ring of resist corrosion
Wands
 l - a wand of paralysis (10)
 p - a wand of enslavement (11)
 v - a wand of clouds (7)
Scrolls
 b - a scroll of teleportation
 d - a scroll of enchant armour
 o - 3 scrolls of silence {unknown}
Potions
 e - a potion of haste
 j - 3 potions of stabbing
 r - 2 potions of flight
 t - a potion of invisibility
 u - a potion of heal wounds
 z - a potion of cancellation {unknown}
Comestibles
 c - 10 rations
 s - 2 chunks of flesh


   Skills:
 + Level 6.2 Fighting
 + Level 4.6 Short Blades
 - Level 1.3 Maces & Flails
 + Level 5.1 Dodging
 + Level 6.8 Stealth
 + Level 4.8 Shields
 - Level 3.0 Unarmed Combat
 - Level 2.0 Spellcasting
 - Level 2.0 Transmutations
 + Level 3.0 Invocations
 - Level 3.1 Evocations


You had 11 spell levels left.
You knew the following spells:

 Your Spells              Type           Power        Failure   Level  Hunger
a - Beastly Appendage     Tmut           #.....       78%         1    #......

Your spell library contained the following spells:

 Spells                   Type           Power        Failure   Level  Hunger
 Sticks to Snakes         Tmut           #.......     89%         2    ###....
 Spider Form              Tmut/Pois      #.........   99%         3    ###....
 Ice Form                 Ice/Tmut       #.......     100%        4    #####..
 Blade Hands              Tmut           #.........   100%        5    ######.


Dungeon Overview and Level Annotations

Branches:
Dungeon (7/15)             Temple (1/1) D:5           Sewer (visited)

Altars:
Ashenzari
Cheibriados
Dithmenos
Elyvilon
Fedhas
Gozag
Hepliaklqana
Kikubaaqudgha
Makhleb
Nemelex Xobeh
Okawaru
Qazlal
Sif Muna
Uskayaw
Vehumet
Wu Jian
Xom
Yredelemnul
Zin
The Shining One

Annotations:
D:7 Harold, Joseph


Innate Abilities, Weirdness & Mutations

You cannot wear most types of armour.
You are very stealthy in the water. (Stealth+)
You are amphibious.
You can wear up to eight rings at the same time.
You can use your tentacles to constrict eight enemies at once.
Your skin changes colour to match your surroundings (Stealth+).
Your rubbery body absorbs attacks. (AC +1, EV +1)


Message History

Unknown command.
Unknown command.
Unknown command.
Unknown command.
Unknown command.
Unknown command.
Unknown command.
Unknown command.
There is a large open door here.
The komodo dragon bites you!
* * * LOW HITPOINT WARNING * * *
You feel much better. You block the komodo dragon's attack.
You hit the komodo dragon but do no damage.
The komodo dragon bites you!
You barely miss the komodo dragon. Your squeeze misses the komodo dragon.
You hit the komodo dragon but do no damage.
Your squeeze misses the komodo dragon. You block the komodo dragon's attack.
You closely miss the komodo dragon. Your squeeze misses the komodo dragon.
The komodo dragon bites you!!
You die...

###....# #...........
#......# #.###.######
#.####.## #.#.....#...
#.# #..# #.#...#'#...
#.####''######+###.......
#.#≈≈≈..≈≈≈#.....'.......
#.#≈♣♣..♣♣≈#....##.......
#.#≈♣♣.l♣♣≈#....####....)
#.+.....@..'....# #.....
#.+...(....'.#### #.....
#.#≈♣♣..♣♣≈### #.....
#.#≈♣♣..♣♣≈# #....#
#.#≈≈≈..≈≈≈# ####.#
#.####''#### #.#
#.......# #.# #########
#.# #.#


You could see a komodo dragon.

Vanquished Creatures
  A hungry ghost (D:7)
  4 phantoms
  A sky beast (D:6)
  2 ogres
  A centaur (D:6)
  Blork the orc (D:5)
  A big kobold (Sewer)
  A bullfrog (D:6)
  3 scorpions
  A water moccasin skeleton (D:6)
  4 wights (D:6)
  A quasit (D:7)
  2 crimson imps
  4 orc priests
  4 hounds
  2 jellies
  2 gnoll shamans (D:5)
  4 orc wizards
  A centaur skeleton (D:4)
  An iron imp (D:4)
  Terence (D:2)
  An iguana (D:4)
  5 worker ants
  11 gnolls
  7 adders
  A river rat (Sewer)
  3 shadow imps
  A worm (D:4)
  2 dart slugs
  A leopard gecko (D:3)
  20 orcs
  A ball python (D:6)
  10 giant cockroaches
  5 goblins
  7 hobgoblins
  10 jackals
  9 kobolds
  2 quokkas
  4 bats
  6 frilled lizards
  2 goblin skeletons (D:5)
  2 goblin zombies (D:5)
  3 hobgoblin zombies (D:5)
  A leopard gecko skeleton (D:4)
  3 orc skeletons (D:5)
  An orc zombie (D:5)
  A quokka skeleton (D:5)
  11 rats
172 creatures vanquished.

Notes
Turn   | Place    | Note
-------+----------+-------------------------------------------
     0 | D:1      | shadizar the Octopode Transmuter began the quest for the
                  | Orb.
     0 | D:1      | Reached XP level 1. HP: 13/13 MP: 3/3
     1 | D:1      | Noticed a human
     1 | D:1      | Noticed a vampire
     3 | D:1      | Noticed a spriggan
     3 | D:1      | Noticed a dwarf
     6 | D:1      | Noticed an octopode
     7 | D:1      | Noticed a ghoul
     8 | D:1      | Noticed a naga
     9 | D:1      | Noticed a centaur
    11 | D:1      | Noticed a human
    13 | D:1      | Noticed a human
    13 | D:1      | Noticed a formicid
    15 | D:1      | Noticed an octopode
    17 | D:1      | Noticed a naga
    17 | D:1      | Noticed a dwarf
    17 | D:1      | Noticed a centaur
    19 | D:1      | Noticed an elf
    19 | D:1      | Noticed an ogre
   202 | D:1      | Reached skill level 1 in Stealth
   203 | D:1      | Reached XP level 2. HP: 18/18 MP: 5/5
  1155 | D:2      | Reached skill level 1 in Maces & Flails
  1155 | D:2      | Reached XP level 3. HP: 20/24 MP: 6/6
  1270 | D:2      | Noticed Terence
  1723 | D:2      | Found a faded altar of an unknown god.
  2284 | D:2      | Killed Terence
  2284 | D:2      | Reached XP level 4. HP: 30/30 MP: 7/7
  2566 | D:3      | Reached skill level 1 in Shields
  2851 | D:3      | Reached XP level 5. HP: 31/36 MP: 8/8
  2998 | D:3      | Reached skill level 1 in Short Blades
  3136 | D:4      | Noticed an ogre
  3140 | D:4      | Found a shattered altar of Ashenzari.
  3166 | D:4      | Killed an ogre
  3166 | D:4      | Reached XP level 6. HP: 28/42 MP: 9/9
  4072 | D:4      | Reached XP level 7. HP: 48/48 MP: 10/10
  4175 | D:4      | Reached skill level 1 in Evocations
  4419 | D:5      | Entered Level 5 of the Dungeon
  4576 | D:5      | Found a glowing golden altar of the Shining One.
  4643 | D:5      | Found a glowing drain.
  4650 | Sewer    | Entered a sewer
  4931 | Sewer    | Found a white marble altar of Elyvilon.
  5014 | D:5      | Noticed Blork the orc
  5334 | D:5      | Reached skill level 5 in Fighting
  5459 | D:6      | Reached XP level 8. HP: 50/55 MP: 11/11
  5708 | D:5      | Found a staircase to the Ecumenical Temple.
  5715 | Temple   | Entered the Ecumenical Temple
  5847 | Temple   | Became a worshipper of Warmaster Okawaru
  5961 | D:6      | Noticed a yak
  5961 | D:6      | Noticed a yak
  6241 | D:6      | Reached skill level 5 in Stealth
  6246 | D:6      | Reached skill level 1 in Invocations
  6435 | D:5      | Killed Blork the orc
  6958 | D:5      | Found a glowing silver altar of Zin.
  6987 | D:5      | Found a white marble altar of Elyvilon.
  7449 | D:5      | Reached XP level 9. HP: 31/62 MP: 12/12
  7618 | D:5      | Found a stormy altar of Qazlal.
  7964 | D:6      | Reached * piety under Okawaru
  8433 | D:6      | Got an ivory whip
  8453 | D:6      | Identified the cursed +1 whip "Newtbane" {elec, rN+ MR-
                  | Dex+3} (You found it on level 6 of the Dungeon)
  8711 | D:7      | Reached skill level 5 in Dodging
  8838 | D:7      | Reached ** piety under Okawaru
  8914 | D:7      | Noticed a manticore
  8922 | D:7      | Noticed Joseph
  8925 | D:7      | Noticed a komodo dragon
  8925 | D:7      | Noticed Harold
  8950 | D:6      | Slain by a komodo dragon

Illustrated notes

Levels and vault maps discovered:
D:1:      shiori_arrival_whats_in_store_for_you, layout_basic
D:2:      layout_basic, chequers_ecumenical_altar_simple_redux, first_ration,
          uniq_terence
D:3:      layout_rooms, serial_bayou_lagoon_b
D:4:      layout_cave_pools, cheibrodos_ashenzari_chains
D:5:      layout_rooms, zin_scriptorium, old_standard_altar,
          minmay_temple_entry_butterflies, gup_sewer_entry_bubbles, basic_altar,
          grunt_ministairs_4, chequers_hall_statues_wall_a,
          nicolae_tso_besieged_by_evil, uniq_blork_the_orc
D:6:      layout_basic, kennysheep_generic_room_5
D:7:      kennysheep_spiral_hall, layout_rooms, nicolae_overflow_crystal_walls,
          grunt_livestock, minmay_misc_feat_alley, uniq_harold, uniq_joseph
Temple:   hc_temple_tempest_star

Skill      XL: |  1  2  3  4  5  6  7  8  9 |
---------------+----------------------------+-----
Stealth        | 1 2 3 4 5 6 |  6.8
Fighting       | 2 3 4 5 6 |  6.2
Maces & Flails | 1 |  1.3
Shields        | 1 2 3 4 |  4.8
Short Blades   | 1 2 3 4 |  4.6
Dodging        | 3 4 5 |  5.1
Evocations     | 1 3 |  3.1
Invocations    | 2 3 |  3.0
Unarmed Combat | |  3.0
Spellcasting   | |  2.0
Transmutations | |  2.0

Action                   |  1- 3 |  4- 6 |  7- 9 || total
-------------------------+-------+-------+-------++-------
Melee: Club              |    25 |       |       ||    25
       Constrict         |    29 |    26 |    66 ||   121
       Unarmed           |     3 |       |       ||     3
       Tentacles         |    10 |    25 |    99 ||   134
       Mace              |    53 |       |       ||    53
       Short sword       |    12 |   103 |   374 ||   489
       Punch             |     2 |     1 |     7 ||    10
Evoke: Wand              |       |     1 |       ||     1
  Use: Potion            |     2 |     1 |     3 ||     6
       Scroll            |       |       |    17 ||    17
 Stab: Sleeping          |     2 |    10 |    11 ||    23
       Paralysed         |       |     1 |       ||     1
       Distracted        |       |     1 |     1 ||     2
  Eat: Chunk             |     4 |     6 |    16 ||    26
Armor: Skin              |    35 |     2 |     5 ||    42
Dodge: Dodged            |    49 |    22 |    76 ||   147
Block: Tower shield      |    65 |    39 |   158 ||   262
